 Dungeon Sprint DCSS version 0.31-a0-879-g1609e0ac53 (webtiles) character file.

Game seed: 13653464959793856969

382 rocky1 the Carver (level 7, -8/54 HPs)
             Began as a Djinni Gladiator on Oct 15, 2023.
             Was an Initiate of Gozag.
             Mangled by a wyvern (13 damage)
             ... in the Dungeon (Sprint II: "The Violet Keep of Menkaure").
             The game lasted 00:01:16 (107 turns).

rocky1 the Carver (Djinni Gladiator)                 Turns: 107, Time: 00:01:17

Health: -8/54      AC:  4    Str: 13      XL:     7   Next: 5%
Gold:   315        EV: 16    Int:  8 (9)  God:    Gozag SH:  0 Dex: 16 (17)

rFire   + + .        a - +0 long sword
rCold   x . .        (no shield)
rNeg    . . .        b - +0 leather armour
rPois   ∞            c - +0 helmet
rElec   .            (no cloak)
rCorr   .            (no gloves)
SInv    .            (boots unavailable)
Will    .....        (no amulet)
Stlth   ++           (no ring)
HPRegen 0.29/turn    (no ring)
MPRegen 0.00/turn

%: no teleportation, infuse magic (-9 HP)
@: flying
A: sickness immunity, fire resistance 2, cold vulnerability 1, float, innate
caster, HP casting, extra vitality 1, deterioration 1
a: Renounce Religion, Potion Petition, Call Merchant, Bribe Branch


You were in the Dungeon.
You worshipped Gozag.
Gozag was aware of your devotion.
You visited 1 branch You collected 315 gold pieces.

Inventory:

Hand Weapons
 a - a +0 long sword (weapon)
Missiles
 e - a javelin
Armour
 b - a +0 leather armour (worn)
 c - a +0 helmet (worn)
Scrolls
 j - a scroll of blinking


   Skills:
 + Level 5.0 Fighting
 + Level 9.1 Long Blades
 + Level 3.9 Throwing
 + Level 0.5 Armour
 + Level 9.0 Dodging
 + Level 1.6 Stealth


You knew the following spells:

 Your Spells              Type           Power      Damage    Failure   Level
a - Sting                 Tmut/Pois      0%         1d3       50%         1
b - Lesser Beckoning      Tloc           0%         N/A       63%         2
c - Gell's Gravitas       Tloc           0%         N/A       86%         3
Your spell library was empty.

Dungeon Overview and Level Annotations

Branches:
Dungeon (1/1)

Altars:
Cheibriados
Dithmenos
Elyvilon
Fedhas
Gozag
Hepliaklqana
Makhleb
Nemelex Xobeh
Okawaru
Qazlal
Ru
Trog
Uskayaw
Wu Jian
Xom
Yredelemnul
Zin
The Shining One
Jiyva
Lugonu

Annotations:
D Menkaure, Roxanne


Innate Abilities, Weirdness & Mutations

You are immune to sickness and miasma.
You are immune to poison.
Your flesh is very heat resistant. (rF++)
You are vulnerable to cold. (rC-)
You float through the air rather than walking.
You learn spells naturally, not from books.
Your magical power is your life essence.
You have superior vitality. (+4 MHP)
Your body sometimes deteriorates upon taking damage.


Message History

Your body is wracked with pain!
Your body deteriorates!
You feel dopey.
The wyvern convulses!
A wyvern comes into view.
Unknown command.
You feel much better. The wyvern closely misses you.
Menkaure breaks down the gate.
The wyvern bites you.
Unknown command.
The wyvern attacks as it pursues you!
The wyvern bites you but does no damage.
Menkaure calls on the powers of darkness!
The wyvern convulses!
Your body is wracked with pain!
Your body deteriorates!
You feel clumsy. The wyvern attacks as it pursues you! The wyvern bites you!
* * * LOW HITPOINT WARNING * * *
The wyvern bites you.
* * * LOW HITPOINT WARNING * * *
The wyvern bites you but does no damage.
The wyvern attacks as it pursues you! The wyvern completely misses you.
The wyvern completely misses you.
There is an open door here.
The wyvern attacks as it pursues you! The wyvern barely misses you. x2
You feel better. The wyvern misses you.
Menkaure calls on the powers of darkness!
The wyvern convulses!
Your body is wracked with pain!
* * * LOW HITPOINT WARNING * * *
The wyvern attacks as it pursues you! The wyvern misses you. x2
Throw: throwing net
Press: ? - help, Q - select action, (/) - cycle Shift-Dir - straight line, f - wyvern
Aim: a wyvern (severely wounded, 60% to hit)
You throw a throwing net.
The throwing net closely misses the wyvern.
The wyvern bites you!
* * * LOW HITPOINT WARNING * * *
Unknown command.
You hit the wyvern.
The wyvern is almost dead.
The wyvern bites you!
You die...
Your body crumbles into a pile of gold.

~~.~§...~..#
~~~.##'##~3# ~ #$#
##M#### .### #.#
#....# ...# ## ###..##
#..# #+# #.##..# +.^#
▓ ##.###..#M.# #..# ▓
+.<.'##.'..### .^##.#▓
##.##@#.#....###.^.##▓
#+###l##......~~~~~~~
###~~...§.~#'####
#~~~~~~§..~#.._._
#~~~~~~§~.~#._._.
#~~§§≈≈§~~~~#_._._
~~~~~§≈≈≈≈§~~#._._.
#+++#~≈≈≈§≈≈§~#.._._
##≈≈≈###≈≈#..._.


You could see a wyvern.

Vanquished Creatures
  3 neqoxecs (D)
  A water moccasin (D)
4 creatures vanquished.

Notes
Turn   | Place    | Note
-------+----------+-------------------------------------------
     0 | D        | rocky1 the Djinni Gladiator began the quest for the Orb.
     0 | D        | Reached XP level 1. HP: 18/18 MP: 0/0
     1 | D        | Noticed a neqoxec
     1 | D        | Noticed a neqoxec
    10 | D        | Killed a neqoxec
    11 | D        | Reached XP level 2. HP: 25/25 MP: 0/0
    11 | D        | Reached XP level 3. HP: 30/30 MP: 0/0
    11 | D        | Learned a level 1 spell: Sting
    11 | D        | Reached XP level 4. HP: 36/36 MP: 0/0
    11 | D        | Reached XP level 5. HP: 40/40 MP: 0/0
    11 | D        | Learned a level 2 spell: Lesser Beckoning
    12 | D        | Gained mutation: Your body sometimes deteriorates upon
                  | taking damage. [a neqoxec]
    16 | D        | Killed a neqoxec
    17 | D        | Reached skill level 1 in Stealth
    17 | D        | Reached XP level 6. HP: 48/48 MP: 0/0
    17 | D        | Noticed a water moccasin
    22 | D        | Killed a water moccasin
    32 | D        | Found a hazy altar of Hepliaklqana.
    32 | D        | Found a snail-covered altar of Cheibriados.
    33 | D        | Found a stormy altar of Qazlal.
    33 | D        | Found a viscous altar of Jiyva.
    33 | D        | Found a shadowy altar of Dithmenos.
    34 | D        | Found a sacrificial altar of Ru.
    34 | D        | Found a white marble altar of Elyvilon.
    35 | D        | Found an ornate altar of the Wu Jian Council.
    35 | D        | Found a corrupted altar of Lugonu.
    35 | D        | Noticed a neqoxec
    36 | D        | Found a shimmering altar of Xom.
    36 | D        | Found a bloodstained altar of Trog.
    36 | D        | Found a burning altar of Makhleb.
    37 | D        | Found a glowing golden altar of the Shining One.
    37 | D        | Found a basalt altar of Yredelemnul.
    37 | D        | Found a hide-covered altar of Uskayaw.
    39 | D        | Found a glowing silver altar of Zin.
    39 | D        | Found a blossoming altar of Fedhas.
    39 | D        | Found a sparkling altar of Nemelex Xobeh.
    40 | D        | Found an opulent altar of Gozag.
    40 | D        | Found an iron altar of Okawaru.
    42 | D        | Noticed a water moccasin
    44 | D        | Noticed a water moccasin
    49 | D        | Became a worshipper of Gozag Ym Sagoz the Greedy
    67 | D        | Killed a neqoxec
    68 | D        | Reached skill level 5 in Fighting
    68 | D        | Reached XP level 7. HP: 44/54 MP: 0/0
    68 | D        | Learned a level 3 spell: Gell's Gravitas
    84 | D        | Noticed Roxanne
    87 | D        | Noticed Menkaure
    88 | D        | Noticed a neqoxec
    89 | D        | Noticed a wyvern
    93 | D        | Noticed a wyvern
   107 | D        | Mangled by a wyvern

Illustrated notes

Levels and vault maps discovered:
D:        the_violet_keep_of_menkaure [sprint2_stairs_cluster_1,
          sprint2_shoproom, sprint2_temple, sprint2_basic_supplies,
          sprint2_obstacle_2, sprint2_obstacle_3, sprint2_obstacle_6,
          sprint2_obstacle_5, sprint2_obstacle_4, sprint2_timed_cluster_1,
          sprint2_smallroom_cluster_1, sprint2_smallroom_final_cluster_1,
          sprint2_transparent_cluster_1, sprint2_second_timed_cluster_1,
          sprint2_sniper_area_1, sprint2_heavy_combat_area_1,
          sprint2_mutation_trap_area_1, sprint2_forest_area_1,
          sprint2_light_combat_area_1, sprint2_behind_water_1,
          sprint2_near_end_vault_1]

Skill      XL: |  1  2  3  4  5  6 |
---------------+-------------------+-----
Fighting       | 3 4 5 |  5.0
Long Blades    | 6 8 9 |  9.1
Throwing       | 3 |  3.9
Dodging        | 7 8 9 |  9.0
Stealth        | 1 |  1.6
Armour         | |  0.5

Action                     |  1- 3 |  4- 6 |  7- 9 || total
---------------------------+-------+-------+-------++-------
  Melee: Long sword        |     4 |    18 |     2 ||    24
         Punch             |       |     1 |       ||     1
  Throw: Throwing net      |     2 |     1 |     1 ||     4
    Use: Potion            |     2 |       |     2 ||     4
   Stab: Held in net/web   |     1 |     1 |       ||     2
 Armour: Leather armour    |     1 |     4 |     7 ||    12
  Dodge: Dodged            |       |     4 |     9 ||    13

Table legend: (Time is in decaauts)
 A = Elapsed time spent in this place.
 B = Non-inter-level travel time spent in this place.
 C = Inter-level travel time spent in this place.
 D = Time resting spent in this place.
 E = Time spent auto-exploring this place.
 F = Levels seen in this place.
 G = Mean time per level.
                   A        B        C        D        E       F      G
               +--------+--------+--------+--------+--------+-----+--------+
         Total |     99 |     99 |      0 |      0 |      0 |   1 |   99.0 |
       Dungeon |     99 |     99 |      0 |      0 |      0 |   1 |   99.0 |
               +--------+--------+--------+--------+--------+-----+--------+

Top non-repeatable levels by time:
       D: 99 daAuts
